% Time on Ice - CALGARY FIREMEN
Lines # - Real PCT - Wanted PCT - Time Play
Normal Forward
1 - 26% - 36% - 10:08
2 - 31% - 31% - 12:21
3 - 29% - 23% - 11:29
4 - 13% - 10% - 5:16
Normal Defense
1 - 26% - 36% - 10:12
2 - 27% - 31% - 10:40
3 - 37% - 23% - 14:21
4 - 10% - 10% - 4:01
PP Forward
1 - 42% - 55% - 3:43
2 - 58% - 45% - 5:09
PP Defense
1 - 40% - 55% - 3:34
2 - 60% - 45% - 5:18
PK Forward
1 - 67% - 55% - 6:04
2 - 33% - 45% - 2:59
PK Defense
1 - 58% - 55% - 5:17
2 - 42% - 45% - 3:46
PK3 Forward
1 - 0% - 55%
2 - 0% - 45%
PK3 Defense
1 - 0% - 55%
2 - 0% - 45%
44 Forward
1 - 70% - 55% - 2:00
2 - 30% - 45% - 0:51
44 Defense
1 - 81% - 55% - 2:18
2 - 19% - 45% - 0:33
Last Minute Offensive  - 0:00
Last Minute Defensive  - 0:00
Total
Forward - 60:00
Defense - 60:00
% Time on Ice - BOISE CARIBOUS
Lines # - Real PCT - Wanted PCT - Time Play
Normal Forward
1 - 35% - 34% - 13:49
2 - 32% - 32% - 12:26
3 - 20% - 24% - 7:55
4 - 13% - 10% - 5:04
Normal Defense
1 - 37% - 36% - 14:28
2 - 36% - 36% - 13:57
3 - 28% - 28% - 10:49
4 - 0% - 0% - 0:00
PP Forward
1 - 50% - 55% - 4:34
2 - 50% - 45% - 4:29
PP Defense
1 - 54% - 55% - 4:53
2 - 46% - 45% - 4:10
PK Forward
1 - 48% - 50% - 4:13
2 - 52% - 50% - 4:39
PK Defense
1 - 53% - 55% - 4:42
2 - 47% - 45% - 4:10
PK3 Forward
1 - 0% - 55%
2 - 0% - 45%
PK3 Defense
1 - 0% - 55%
2 - 0% - 45%
44 Forward
1 - 80% - 55% - 2:16
2 - 20% - 45% - 0:35
44 Defense
1 - 35% - 55% - 1:00
2 - 65% - 45% - 1:51
Last Minute Offensive  - 0:00
Last Minute Defensive  - 0:00
Total
Forward - 60:00
Defense - 60:00
Play-by-Play 1st period 0:01 of 1st period - Tim Stutzle wins face-off versus Ryan Johansen in neutral zone. 0:34 of 1st period - Shot by Vincent Trocheck. 0:34 of 1st period - Shot Misses the Net. 0:36 of 1st period - Shot by Tim Stutzle. 0:36 of 1st period - Shot Misses the Net. 1:10 of 1st period - Shot by Nick Schmaltz. 1:10 of 1st period - Shot Misses the Net. 1:21 of 1st period - Minor Penalty to Marcus Pettersson for Cross-checking. 1:22 of 1st period - Charlie Coyle wins face-off versus Mason Marchment in BOISE CARIBOUS zone. 1:22 of 1st period - Charlie Coyle is hit by Yakov Trenin. 1:38 of 1st period - Shot by Oskar Lindblom. 1:38 of 1st period - Stopped by Brian Elliott without a rebound. 1:39 of 1st period - Mason Marchment wins face-off versus Charlie Coyle in BOISE CARIBOUS zone. 2:15 of 1st period - Shot by Charlie Coyle. 2:15 of 1st period - Shot Misses the Net. 2:38 of 1st period - Icing by Yakov Trenin. 2:39 of 1st period - Jean-Gabriel Pageau wins face-off versus Mason Marchment in CALGARY FIREMEN zone. 3:28 of 1st period - Shot by Kaapo Kakko. 3:28 of 1st period - Stopped by Kevin Poulin without a rebound. 3:29 of 1st period - Charlie Coyle wins face-off versus Brett Howden in CALGARY FIREMEN zone. 4:09 of 1st period - Shot by Lawson Crouse. 4:09 of 1st period - Shot Misses the Net. 4:23 of 1st period - Shot by Ryan Johansen. 4:23 of 1st period - Shot Misses the Net. 4:49 of 1st period - Shot by Jean-Gabriel Pageau. 4:49 of 1st period - Stopped by Kevin Poulin with a rebound. 4:51 of 1st period - Shot by Jean-Gabriel Pageau. 4:51 of 1st period - Stopped by Kevin Poulin without a rebound. 4:52 of 1st period - Jakob Silfverberg wins face-off versus Jean-Gabriel Pageau in CALGARY FIREMEN zone. 6:06 of 1st period - Shot by Sonny Milano. 6:06 of 1st period - Goal by Sonny Milano - CALGARY FIREMEN : 1 - BOISE CARIBOUS : 0. 6:07 of 1st period - Brett Howden wins face-off versus Jesperi Kotkaniemi in neutral zone. 6:07 of 1st period - Brett Howden is hit by Kirill Marchenko. 6:31 of 1st period - Shot by Kirill Marchenko. 6:31 of 1st period - Stopped by Kevin Poulin without a rebound. 6:32 of 1st period - Vincent Trocheck wins face-off versus Mason Marchment in CALGARY FIREMEN zone. 6:35 of 1st period - Shot by Vincent Trocheck. 6:35 of 1st period - Shot Misses the Net. 6:47 of 1st period - Shot by Matt Duchene. 6:47 of 1st period - Stopped by Kevin Poulin with a rebound. 6:55 of 1st period - Shot by Oskar Lindblom. 6:55 of 1st period - Goal by Oskar Lindblom - CALGARY FIREMEN : 2 - BOISE CARIBOUS : 0. 6:56 of 1st period - Brett Howden wins face-off versus Jean-Gabriel Pageau in neutral zone. 7:00 of 1st period - Off-side. 7:01 of 1st period - Vincent Trocheck wins face-off versus Brett Howden in neutral zone. 7:18 of 1st period - Shot by Sonny Milano. 7:18 of 1st period - Shot Misses the Net. 7:34 of 1st period - Off-side. 7:35 of 1st period - Jean-Gabriel Pageau wins face-off versus Mason Marchment in neutral zone. 8:21 of 1st period - Icing by Nikita Zadorov. 8:22 of 1st period - Charlie Coyle wins face-off versus Mason Marchment in CALGARY FIREMEN zone. 8:40 of 1st period - Icing by Nikita Zadorov. 8:41 of 1st period - Vincent Trocheck wins face-off versus Mason Marchment in CALGARY FIREMEN zone. 8:45 of 1st period - Icing by Nikita Zadorov. 8:46 of 1st period - Mason Marchment wins face-off versus Matt Duchene in CALGARY FIREMEN zone. 9:08 of 1st period - Shot by Vincent Trocheck. 9:08 of 1st period - Shot Blocked by Jake McCabe. 9:16 of 1st period - Minor Penalty to Ryan Johansen for Interference. 9:17 of 1st period - Jean-Gabriel Pageau wins face-off versus Fabian Zetterlund in CALGARY FIREMEN zone. 9:24 of 1st period - Shot by Jean-Gabriel Pageau. 9:24 of 1st period - Shot Misses the Net. 9:26 of 1st period - Shot by Jean-Gabriel Pageau. 9:26 of 1st period - Stopped by Kevin Poulin without a rebound. 9:27 of 1st period - Vincent Trocheck wins face-off versus Jakob Silfverberg in CALGARY FIREMEN zone. 9:40 of 1st period - Shot by Rasmus Dahlin. 9:40 of 1st period - Stopped by Kevin Poulin without a rebound. 9:41 of 1st period - Fabian Zetterlund wins face-off versus Jean-Gabriel Pageau in CALGARY FIREMEN zone. 9:49 of 1st period - Icing by Jean-Gabriel Pageau. 9:50 of 1st period - Jean-Gabriel Pageau wins face-off versus Fabian Zetterlund in BOISE CARIBOUS zone. 11:21 of 1st period - Shot by Kaapo Kakko. 11:21 of 1st period - Shot Misses the Net. 11:31 of 1st period - Shot by Dylan DeMelo. 11:31 of 1st period - Stopped by Kevin Poulin with a rebound. 11:33 of 1st period - Shot by Kaapo Kakko. 11:33 of 1st period - Stopped by Kevin Poulin without a rebound. 11:34 of 1st period - Jesperi Kotkaniemi wins face-off versus Mason Marchment in CALGARY FIREMEN zone. 11:49 of 1st period - Shot by Kaapo Kakko. 11:49 of 1st period - Shot Misses the Net. 12:26 of 1st period - Icing by Colton White. 12:27 of 1st period - Charlie Coyle wins face-off versus Ryan Johansen in CALGARY FIREMEN zone. 12:28 of 1st period - Shot by Lawson Crouse. 12:28 of 1st period - Shot Misses the Net. 12:34 of 1st period - Colton White is hit by Lawson Crouse and loses puck. 14:01 of 1st period - Off-side. 14:02 of 1st period - Ryan Johansen wins face-off versus Vincent Trocheck in neutral zone. 14:09 of 1st period - Shot by Ryan Johansen. 14:09 of 1st period - Shot Misses the Net. 14:11 of 1st period - Shot by Mattias Janmark-Nylen. 14:11 of 1st period - Shot Misses the Net. 14:13 of 1st period - Shot by Jamie Oleksiak. 14:13 of 1st period - Stopped by Brian Elliott without a rebound. 14:14 of 1st period - Jean-Gabriel Pageau wins face-off versus Mason Marchment in BOISE CARIBOUS zone. 14:14 of 1st period - Artturi Lehkonen is hit by Yakov Trenin and loses puck. 14:33 of 1st period - Shot by Oskar Lindblom. 14:33 of 1st period - Stopped by Brian Elliott with a rebound. 14:35 of 1st period - Shot by Mason Marchment. 14:35 of 1st period - Shot Misses the Net. 14:37 of 1st period - Shot by Mason Marchment. 14:37 of 1st period - Shot Misses the Net. 14:39 of 1st period - Shot by Yakov Trenin. 14:39 of 1st period - Deflect By Mason Marchment. 14:39 of 1st period - Stopped by Brian Elliott without a rebound. 14:40 of 1st period - Ryan Johansen wins face-off versus Vincent Trocheck in BOISE CARIBOUS zone. 14:46 of 1st period - Icing by Dylan DeMelo. 14:47 of 1st period - Vincent Trocheck wins face-off versus Ryan Johansen in BOISE CARIBOUS zone. 15:32 of 1st period - Shot by Matt Duchene. 15:32 of 1st period - Shot Blocked by Jordan Oesterle. 15:46 of 1st period - Jordan Oesterle is hit by Jean-Gabriel Pageau and loses puck. 16:21 of 1st period - Shot by Jean-Gabriel Pageau. 16:21 of 1st period - Shot Misses the Net. 16:32 of 1st period - Icing by Nikita Zadorov. 16:33 of 1st period - Ryan Johansen wins face-off versus Charlie Coyle in CALGARY FIREMEN zone. 17:49 of 1st period - Shot by Sonny Milano. 17:49 of 1st period - Shot Misses the Net. 17:51 of 1st period - Shot by Andrej Sustr. 17:51 of 1st period - Shot Blocked by Dylan DeMelo. 18:20 of 1st period - Shot by Sonny Milano. 18:20 of 1st period - Stopped by Brian Elliott without a rebound. 18:21 of 1st period - Nathan Smith wins face-off versus Artturi Lehkonen in BOISE CARIBOUS zone. 18:21 of 1st period - Nathan Smith is hit by Rasmus Dahlin. 18:33 of 1st period - Shot by Fabian Zetterlund. 18:33 of 1st period - Stopped by Brian Elliott without a rebound. 18:34 of 1st period - Nathan Smith wins face-off versus Kirill Marchenko in BOISE CARIBOUS zone. 19:01 of 1st period - Shot by Ryan Johansen. 19:01 of 1st period - Shot Misses the Net. 19:15 of 1st period - Shot by Kaapo Kakko. 19:15 of 1st period - Shot Misses the Net. 19:30 of 1st period - Icing by Rasmus Dahlin. 19:31 of 1st period - Jesperi Kotkaniemi wins face-off versus Mason Marchment in BOISE CARIBOUS zone. 19:35 of 1st period - Minor Penalty to Jesperi Kotkaniemi for Tripping. 19:35 of 1st period - Minor Penalty to Mason Marchment for Roughing. 19:36 of 1st period - Sonny Milano wins face-off versus Matt Duchene in neutral zone. 19:49 of 1st period - Shot by Tim Stutzle. 19:49 of 1st period - Stopped by Kevin Poulin with a rebound. Goals for this period are 2 for CALGARY FIREMEN vs 0 for BOISE CARIBOUS. Shots for this period are 8 for CALGARY FIREMEN vs 10 for BOISE CARIBOUS. 2nd period 0:01 of 2nd period - Ryan Johansen wins face-off versus Matt Duchene in neutral zone. 0:04 of 2nd period - Shot by Jake McCabe. 0:04 of 2nd period - Stopped by Brian Elliott without a rebound. 0:05 of 2nd period - Ryan Johansen wins face-off versus Matt Duchene in BOISE CARIBOUS zone. 0:14 of 2nd period - Shot by Ryan Johansen. 0:14 of 2nd period - Stopped by Brian Elliott with a rebound. 0:51 of 2nd period - Shot by Tim Stutzle. 0:51 of 2nd period - Shot Misses the Net. 1:38 of 2nd period - Shot by Gabriel Vilardi. 1:38 of 2nd period - Shot Blocked by Colton White. 1:40 of 2nd period - Shot by Moritz Seider. 1:40 of 2nd period - Stopped by Kevin Poulin with a rebound. 1:42 of 2nd period - Shot by Jean-Gabriel Pageau. 1:42 of 2nd period - Shot Misses the Net. 2:12 of 2nd period - Icing by Nick Schmaltz. 2:13 of 2nd period - Jean-Gabriel Pageau wins face-off versus Brett Howden in BOISE CARIBOUS zone. 2:22 of 2nd period - Shot by Nick Schmaltz. 2:22 of 2nd period - Stopped by Kevin Poulin with a rebound. 2:40 of 2nd period - Icing by Vincent Trocheck. 2:41 of 2nd period - Vincent Trocheck wins face-off versus Ryan Johansen in BOISE CARIBOUS zone. 4:27 of 2nd period - Shot by Yakov Trenin. 4:27 of 2nd period - Stopped by Brian Elliott without a rebound. 4:28 of 2nd period - Lawson Crouse wins face-off versus Brett Howden in BOISE CARIBOUS zone. 5:10 of 2nd period - Icing by Sonny Milano. 5:11 of 2nd period - Brett Howden wins face-off versus Vincent Trocheck in CALGARY FIREMEN zone. 5:11 of 2nd period - Brett Howden is hit by Tim Stutzle. 5:40 of 2nd period - Minor Penalty to Rasmus Dahlin for Interference. 5:41 of 2nd period - Ryan Johansen wins face-off versus Jean-Gabriel Pageau in BOISE CARIBOUS zone. 6:13 of 2nd period - Shot by Jakob Silfverberg. 6:13 of 2nd period - Shot Blocked by Jean-Gabriel Pageau. 8:36 of 2nd period - Shot by Artturi Lehkonen. 8:36 of 2nd period - Stopped by Kevin Poulin with a rebound. 8:48 of 2nd period - Shot by Jean-Gabriel Pageau. 8:48 of 2nd period - Shot Misses the Net. 8:50 of 2nd period - Shot by Jean-Gabriel Pageau. 8:50 of 2nd period - Deflect By Artturi Lehkonen. 8:50 of 2nd period - Shot Misses the Net. 8:51 of 2nd period - Minor Penalty to Jamie Oleksiak for Trip